 Dungeon Crawl Stone Soup version 0.24.0-123-gd5b16e6ec5 (webtiles) character file.

Game seed: 4629342990673117351, levelgen mode: deterministic

72 Peloso the Shield-Bearer (level 4, -1/41 HPs)
             Began as a Minotaur Fighter on Dec 26, 2019.
             Slain by an adder (3 damage)
             ... on level 1 of the Dungeon.
             The game lasted 00:02:52 (705 turns).

Peloso the Shield-Bearer (Minotaur Fighter)          Turns: 705, Time: 00:02:52

Health: -1/41      AC:  9    Str: 21    XL:     4   Next: 7%
Magic:  3/3        EV:  5    Int:  5    God:
Gold:   63         SH:  9    Dex: 10    Spells: 3/3 levels left

rFire    . . .     SeeInvis .   a - +0 long sword
rCold    . . .     Gourm    .   c - +0 shield
rNeg     . . .     Faith    .   b - +0 chain mail
rPois    .         Spirit   .   (helmet restricted)
rElec    .         Reflect  .   (no cloak)
rCorr    .         Harm     .   (no gloves)
MR       .....                  (no boots)
Stlth    ..........             (no amulet)
HPRegen  0.13/turn              (no ring)
MPRegen  0.08/turn              (no ring)

@: no status effects
A: retaliatory headbutt, horns 2
a: no special abilities


You were on level 1 of the Dungeon.
You were not hungry.

You visited 1 branch of the dungeon, and saw 2 of its levels.

You collected 63 gold pieces.

Inventory:

Hand Weapons
 a - a +0 long sword (weapon)
Armour
 b - a +0 chain mail (worn)
 c - a +0 shield (worn)
Wands
 i - a wand of random effects (14)
Scrolls
 e - 2 scrolls of blinking {unknown}
 j - a scroll of identify {unknown}
 k - a scroll of teleportation {unknown}
Potions
 d - a potion of might
Comestibles
 f - 3 rations


   Skills:
 + Level 4.3 Fighting
 + Level 2.8 Long Blades
 + Level 4.2 Armour
 + Level 0.1 Dodging
 + Level 4.7 Shields


You had 3 spell levels left.
You didn't know any spells.
Your spell library contained the following spells:

 Spells                   Type           Power        Failure   Level  Hunger
 Magic Dart               Conj           #...         100%        1    ##.....
 Blink                    Tloc           N/A          100%        2    ###....
 Call Imp                 Summ           #.......     100%        2    ###....
 Slow                     Hex            #.......     100%        2    ###....
 Conjure Flame            Conj/Fire      #.......     100%        3    ####...
 Mephitic Cloud           Conj/Pois/Air  #.......     100%        3    ####...


Dungeon Overview and Level Annotations

Branches:
Dungeon (2/15)

Altars:
Hepliaklqana


Innate Abilities, Weirdness & Mutations

You reflexively headbutt those who attack you in melee.
You have a pair of horns on your head.


Message History

The adder bites you but does no damage.
There is a stone staircase leading up here.
You feel sick.
You are no longer poisoned.
The adder barely misses you.
You climb upwards.
There is a stone staircase leading down here.
Your shield and chain mail prevent you from hitting the adder.
Your headbutt misses the adder. You block the adder's attack.
The rat bites you but does no damage. You block the adder's attack.
You block the rat's attack.
Unknown command.
You miss the adder. Your headbutt misses the adder.
The adder bites you but does no damage. The rat bites you but does no damage.
Okay, then.
You closely miss the adder. You headbutt the adder.
The adder is moderately wounded.
You block the adder's attack. The rat bites you but does no damage.
The adder bites you.
You die...

###
################..
#@r...............
#S##############..
#.# #.. #.# #..
#.# #.. #.# #..
#.# ### #.# ######
###.# #.....


You could see an adder and a rat.

Vanquished Creatures
  A killer bee zombie (D:2)
  An adder (D:2)
  A dart slug (D:1)
  3 leopard geckos
  6 giant cockroaches
  3 hobgoblins (D:1)
  3 jackals (D:1)
  6 kobolds
  5 bats
  3 frilled lizards
  3 goblins
  4 rats (D:1)
39 creatures vanquished.

Notes
Turn   | Place    | Note
-------+----------+-------------------------------------------
     0 | D:1      | Peloso the Minotaur Fighter began the quest for the Orb.
     0 | D:1      | Reached XP level 1. HP: 19/19 MP: 0/0
    61 | D:1      | Reached XP level 2. HP: 21/27 MP: 1/1
   348 | D:1      | Reached XP level 3. HP: 29/33 MP: 2/2
   658 | D:2      | Found a hazy altar of Hepliaklqana.
   679 | D:2      | Reached XP level 4. HP: 6/41 MP: 3/3
   697 | D:2      | HP: 2/41 [poisoned by an adder]
   705 | D:1      | Slain by an adder

Levels and vault maps discovered:
D:1:      minmay_arrival_statue_studded, layout_basic, minmay_strange_pillars,
          minmay_misc_feat_four_crosses, minivault_5, nrook_loot_triangle
D:2:      layout_rooms, nicolae_overflow_crystal_walls, lemuel_doored_altar

Skill      XL: |  1  2 |
---------------+-------+-----
Fighting       | 4 |  4.3
Shields        | 4 |  4.7
Armour         | 4 |  4.2
Long Blades    | |  2.8
Dodging        | |  0.1

Action                   |  1- 3 |  4- 6 || total
-------------------------+-------+-------++-------
Melee: Long sword        |    95 |     3 ||    98
       Headbutt          |     9 |     1 ||    10
  Use: Potion            |     2 |       ||     2
Armor: Scale mail        |    29 |       ||    29
       Chain mail        |    45 |     5 ||    50
Dodge: Dodged            |    47 |     1 ||    48
Block: Shield            |    77 |     5 ||    82
       Rpst.: Long sword |    11 |       ||    11
